Map: Ruins of Seras

Players

State

  • Race: Protoss Protoss
  • League: Grandmaster

NightMare - Winner!

  • Race: Protoss Protoss
  • League: Grandmaster

VOD

Have the link to the VOD?

Description

Time

  • Played on: Dec. 27, 2015, 9:02 p.m.
  • Length: 12:00
Show
View Real Time Build Order
Export as new Build Order

State Protoss 

Build Orders: Phoenix Opening 

Get SALT Encoding   

  12  0:01  Probe (Chrono Boost)  
  13  0:11  Probe (Chrono Boost)  
  14  0:18  Pylon  
  14  0:22  Probe (Chrono Boost)  
  15  0:36  Probe (Chrono Boost)  
  15  0:38  Gateway  
  16  0:43  Assimilator  
  16  0:47  Probe (Chrono Boost)  
  17  0:55  Assimilator  
  17  0:58  Probe (Chrono Boost)  
  18  1:08  Probe (Chrono Boost)  
  19  1:14  Gateway  
  19  1:19  Probe (Chrono Boost)  
  20  1:26  Cybernetics Core  
  20  1:29  Probe (Chrono Boost)  
  21  1:34  Pylon  
  22  1:40  Probe (Chrono Boost)  
  22  1:50  Probe (Chrono Boost)  
  23  2:03  Mothership Core (Chrono Boost), Adept x2  
  23  2:07  Warp Gate  
  29  2:16  Pylon  
  29  2:30  Stargate  
  29  2:36  Probe (Chrono Boost)  
  30  2:46  Probe (Chrono Boost)  
  31  2:57  Probe (Chrono Boost)  
  32  3:06  Nexus  
  32  3:08  Probe (Chrono Boost)  
  33  3:13  Pylon  
  33  3:20  Phoenix (Chrono Boost)  
  33  3:23  Probe  
  34  3:35  Probe  
  35  3:45  Phoenix (Chrono Boost)  
  35  3:47  Probe  
  37  4:00  Probe  
  38  4:07  Phoenix (Chrono Boost)  
  38  4:11  Robotics Facility  
  38  4:12  Probe  
  39  4:17  Probe  
  39  4:24  Probe  
  41  4:28  Probe  
  41  4:29  Phoenix (Chrono Boost)  
  44  4:34  Adept  
  44  4:35  Adept  
  44  4:36  Probe  
  49  4:38  Probe  
  50  4:46  Pylon  
  50  4:48  Probe  
  50  4:49  Probe  
  54  4:53  Phoenix (Chrono Boost)  
  54  4:59  Probe  
  54  5:00  Probe  
  56  5:12  Probe  
  56  5:13  Probe  
  54  5:14  Adept x2, Pylon  
  54  5:17  Pylon  
  55  5:25  Probe  
  55  5:27  Probe  
  55  5:34  Phoenix (Chrono Boost)  
  55  5:37  Probe, Immortal (Chrono Boost)  
  55  5:39  Probe  
  63  5:49  Probe  
  64  5:50  Pylon  
  64  5:51  Probe  
  64  5:56  Phoenix  
  65  6:01  Probe  
  65  6:03  Probe  
  67  6:08  Assimilator  
  67  6:09  Forge, Assimilator  
  67  6:13  Probe  
  67  6:16  Twilight Council  
  68  6:19  Probe, Observer (Chrono Boost)  
  70  6:26  Probe  
  70  6:31  Probe  
  72  6:34  Protoss Ground Weapons Level 1  
  72  6:38  Probe  
  77  6:40  Immortal (Chrono Boost)  
  77  6:46  Gateway  
  77  6:50  Probe  
  77  6:51  Probe, Gateway x2  
  79  7:03  Templar Archives  
  79  7:05  Gateway  
  79  7:07  Gateway  
  79  7:20  Nexus  
  79  7:26  Charge (Chrono Boost)  
  79  7:35  Probe  
  80  7:37  Immortal  
  84  7:46  Probe  
  84  7:47  Probe  
  84  7:58  Probe  
  83  7:59  Probe, Pylon  
  83  8:01  Pylon  
  84  8:11  Protoss Ground Weapons Level 2  
  84  8:14  Zealot x3, High Templar x2  
  84  8:17  Warp Prism (Chrono Boost)  
  96  8:21  Archon  
  96  8:24  Zealot x2  
  100  8:37  Zealot x3  
  106  8:41  Gateway  
  106  8:44  Gateway  
  106  8:54  Zealot x2, High Templar x2  
  110  9:09  Zealot x3  
  98  9:12  Archon  
  92  9:21  Zealot x2  
  90  9:26  Zealot x2  
  90  9:28  Immortal (Chrono Boost)  
  88  9:34  Zealot x5  
  98  9:39  Assimilator  
  98  9:42  Assimilator  
  98  9:43  Probe x2  
  98  9:47  Zealot, High Templar x2  
  98  9:52  Archon  
  104  9:54  Zealot  
  104  9:57  Zealot x3  
  104  9:58  Zealot x2  
  116  10:06  Immortal (Chrono Boost)  
  120  10:16  High Templar x2  
  124  10:28  Pylon  
  124  10:29  Pylon  
  124  10:33  Pylon x2  
  124  10:40  Dark Shrine  
  124  10:47  Archon  
  124  10:49  Zealot x8  
  140  10:54  Immortal (Chrono Boost)  
  142  11:09  Zealot x3  
  142  11:10  Zealot x5  
  136  11:16  Zealot  
  72  11:31  High Templar x6  
  72  11:32  Mothership Core, High Templar x2  
  84  11:35  Archon  
  84  11:36  Archon x3  
  86  11:41  Zealot  
Show
View Real Time Build Order
Export as new Build Order

NightMare Protoss - Winner!

Build Orders: 1 Gate Expand 

Get SALT Encoding   

  12  0:01  Probe (Chrono Boost)  
  13  0:11  Probe (Chrono Boost)  
  14  0:20  Pylon  
  14  0:23  Probe (Chrono Boost)  
  15  0:38  Probe (Chrono Boost)  
  15  0:41  Gateway  
  16  0:45  Assimilator  
  16  0:49  Probe (Chrono Boost)  
  17  0:59  Probe (Chrono Boost)  
  18  1:10  Probe (Chrono Boost)  
  19  1:25  Nexus  
  19  1:33  Cybernetics Core  
  19  1:37  Probe (Chrono Boost)  
  20  1:43  Assimilator  
  20  1:48  Probe (Chrono Boost)  
  21  1:55  Pylon  
  21  1:58  Probe (Chrono Boost)  
  22  2:09  Probe (Chrono Boost)  
  22  2:10  Warp Gate (Chrono Boost)  
  22  2:13  Adept (Chrono Boost)  
  25  2:20  Probe  
  25  2:32  Gateway  
  25  2:35  Gateway  
  25  2:40  Adept (Chrono Boost)  
  27  2:48  Mothership Core  
  29  3:02  Stalker  
  29  3:09  Probe x2  
  33  3:17  Pylon  
  33  3:23  Probe x2  
  33  3:25  Stalker  
  37  3:32  Stalker  
  38  3:53  Robotics Facility  
  36  4:06  Probe (Chrono Boost)  
  36  4:07  Probe (Chrono Boost)  
  38  4:15  Stalker x3  
  44  4:18  Probe x2 (Chrono Boost)  
  44  4:22  Pylon  
  46  4:29  Probe x2 (Chrono Boost)  
  48  4:38  Probe (Chrono Boost)  
  48  4:39  Probe (Chrono Boost)  
  48  4:41  Observer (Chrono Boost)  
  48  4:45  Twilight Council  
  51  4:48  Probe  
  51  4:51  Probe  
  53  5:00  Probe  
  53  5:03  Probe, Immortal (Chrono Boost)  
  59  5:15  Probe  
  59  5:17  Probe  
  57  5:26  Probe (Chrono Boost)  
  54  5:29  Probe (Chrono Boost)  
  54  5:30  Blink (Chrono Boost)  
  54  5:32  Assimilator  
  54  5:33  Pylon  
  54  5:35  Assimilator  
  55  5:36  Probe (Chrono Boost)  
  55  5:40  Probe  
  57  5:44  Pylon  
  57  5:49  Stalker x2  
  61  5:50  Probe  
  61  5:52  Probe  
  58  6:03  Probe  
  58  6:04  Probe  
  60  6:13  Probe  
  60  6:15  Forge  
  60  6:16  Probe  
  60  6:17  Nexus  
  62  6:26  Probe  
  62  6:29  Probe  
  62  6:31  Stalker x2  
  62  6:32  Stalker  
  69  6:33  Protoss Ground Weapons Level 1 (Chrono Boost)  
  69  6:38  Probe  
  70  6:41  Templar Archives, Probe  
  70  6:44  Pylon  
  71  6:51  Probe  
  71  6:53  Probe  
  72  7:07  Gateway  
  72  7:08  Probe, Gateway  
  73  7:09  Probe  
  73  7:10  Gateway  
  74  7:18  Charge (Chrono Boost)  
  74  7:24  Immortal  
  78  7:30  Probe  
  78  7:31  Probe x2  
  81  7:40  Pylon  
  81  7:43  Probe  
  81  7:45  Probe x2  
  80  7:54  Probe  
  80  7:57  Probe x2  
  81  8:00  Photon Cannon  
  81  8:01  High Templar x3  
  87  8:06  Gateway  
  87  8:07  Gateway  
  87  8:10  Pylon  
  87  8:14  Pylon, Archon  
  87  8:15  High Templar  
  89  8:20  Probe, Archon, High Templar x2  
  89  8:23  Probe  
  89  8:25  Archon  
  89  8:26  Warp Prism  
  97  8:28  Protoss Ground Weapons Level 2  
  97  8:35  Probe  
  96  8:43  Pylon  
  96  8:44  Zealot x3  
  101  8:57  Probe  
  101  8:58  Gateway  
  101  9:00  Gateway  
  100  9:08  High Templar x2  
  100  9:09  Zealot  
  96  9:10  Zealot x4  
  96  9:11  Zealot  
  96  9:13  Archon  
  90  9:33  Zealot, High Templar x2  
  90  9:34  Zealot x3  
  102  9:44  Zealot x2, Archon  
  106  9:47  Probe  
  106  9:49  Probe x2  
  109  9:54  Warp Prism (Chrono Boost)  
  111  10:04  High Templar x2  
  111  10:05  Zealot x8  
  131  10:10  Archon  
  131  10:15  Pylon  
  131  10:18  Pylon  
  131  10:21  Pylon  
  131  10:24  Pylon  
  131  10:29  High Templar  
  132  10:36  High Templar  
  132  10:37  Zealot x6  
  132  10:38  Zealot  
  132  10:42  Zealot, Archon  
  150  10:44  Assimilator  
  150  10:46  Assimilator  
  150  10:47  Pylon  
  150  10:51  Pylon  
  150  10:59  High Templar x2  
  150  11:00  Zealot x3  
  160  11:04  Archon  
  152  11:11  Zealot  
  152  11:12  Zealot x3  
  152  11:13  Zealot  
  104  11:26  Zealot x3  
  104  11:27  Probe  
  104  11:32  High Templar x2  
  115  11:33  Zealot x3  
  115  11:36  Zealot  
  115  11:37  Archon  
  117  11:57  Zealot x7  
  117  11:58  Zealot  
Tags
 
Add a new tag
Caveats
  • Supply blocks, unpowered buildings, or Contaminate may cause inaccurate times.
  • Supply counts are checked every 10 seconds.